 Dungeon Sprint DCSS version 0.27-a0-1149-g4505690ab0 (webtiles) character file.

Game seed: 9603969476565854802

1873 Zeld the Fruitful (level 9, -5/67 HPs)
             Began as an Octopode Fighter on May 13, 2021.
             Was a Priest of Fedhas.
             Slain by an air elemental (14 damage)
             ... in the Dungeon (Sprint V: "Ziggurat Sprint").
             The game lasted 00:02:40 (945 turns).

Zeld the Fruitful (Octopode Fighter)                 Turns: 945, Time: 00:02:41

Health: -5/67      AC:  1    Str: 37    XL:     9   Next: 14%
Magic:  18/18      EV: 10    Int: 15    God:    Fedhas [***...]
Gold:   0          SH: 23    Dex: 11    Spells: 8/8 levels left

rFire    + . .     SeeInvis .   j - +5 broad axe
rCold    . . .     Faith    .   i - +3 tower shield
rNeg     . . .     Spirit   .   (helmet restricted)
rPois    .         Reflect  .   (no amulet)
rElec    .         Harm     .   u - +6 ring of strength
rCorr    .         Rampage  .   v - +6 ring of strength
Will     .....     NoTele   +   x - ring "Baeguez" {rF+ Str+6 Int+5}
Stlth    ++........             (no ring)
HPRegen  0.21/turn              (no ring)
MPRegen  0.16/turn              (no ring)
                                (no ring)
                                (no ring)

@: flying (expiring)
A: almost no armour, amphibious, 8 rings, camouflage 1, gelatinous body 1,
(nimble swimmer 1), tentacles
a: Renounce Religion, Wall of Briars, Grow Ballistomycete


You were in the Dungeon.
You worshipped Fedhas.
Fedhas was most pleased with you.
You visited 1 branch

Inventory:

Hand Weapons
 j - a +5 broad axe (weapon)
Armour
 i - a +3 tower shield (worn)
Jewellery
 u - a +6 ring of strength (left tentacle)
 v - a +6 ring of strength (right tentacle)
 x - the ring "Baeguez" (on tentacle) {rF+ Str+6 Int+5}
   (You found it in the Dungeon)

   [ring of strength]

   It affects your strength (+6).
   It affects your intelligence (+5).
   It protects you from fire.
Wands
 r - a wand of mindburst (7)
 t - a wand of acid (7)
Scrolls
 a - 4 scrolls of amnesia
 h - a scroll of blinking
 k - 7 scrolls of fog
 l - a scroll of holy word
 m - 5 scrolls of identify
 n - 2 scrolls of fear
Potions
 b - 6 potions of might
 c - 10 potions of curing
 d - 11 potions of heal wounds
 e - 6 potions of haste
 f - 7 potions of magic
 g - 2 potions of berserk rage
 o - 2 potions of brilliance
 p - a potion of invisibility
 q - 4 potions of resistance
Miscellaneous
 s - a tin of tremorstones (2/2)
 w - a lightning rod (4/4)
 y - a condenser vane


   Skills:
 + Level 8.8 Fighting
 * Level 11.5 Axes
 - Level 3.0 Dodging
 + Level 8.8 Shields
 - Level 2.0 Unarmed Combat
 * Level 12.5 Invocations


You had 8 spell levels left.
You didn't know any spells.
Your spell library contained the following spells:

 Spells                   Type           Power      Damage    Failure   Level
 Freeze                   Ice            0%         1d3       91%         1
 Summon Small Mammal      Summ           0%         N/A       91%         1
 Blink                    Tloc           N/A        N/A       97%         2
 Lesser Beckoning         Tloc           0%         N/A       100%        3
 Ozocubu's Armour         Ice            0%         N/A       100%        3
 Teleport Other           Tloc           0%         N/A       100%        3
 Passage of Golubria      Tloc           N/A        N/A       100%        4
 Metabolic Englaciation   Hex/Ice        0%         N/A       100%        5
 Simulacrum               Ice/Necr       0%         N/A       100%        6
 Disjunction              Tloc           0%         N/A       100%        8
 Animate Armour           Summ/Erth      Unusable   N/A       N/A         4

Dungeon Overview and Level Annotations

Branches:
Dungeon (1/1)

Altars:
Ashenzari
Cheibriados
Dithmenos
Elyvilon
Fedhas
Gozag
Hepliaklqana
Kikubaaqudgha
Makhleb
Nemelex Xobeh
Okawaru
Qazlal
Ru
Sif Muna
Trog
Uskayaw
Vehumet
Wu Jian
Xom
Yredelemnul
Zin
The Shining One
Beogh
Jiyva
Lugonu

Annotations:
D 1 transporter


Innate Abilities, Weirdness & Mutations

You cannot wear most types of armour.
You are amphibious.
You can wear up to eight rings at the same time.
Your skin changes colour to match your surroundings (Stealth+).
Your rubbery body absorbs attacks. (AC +1, EV +1)
((You are camouflaged near water. (Stealth+)))
You have tentacles for arms and can constrict up to eight enemies at once.


Message History

Okay, then.
Items here: ( ) | †.
Okay, then.
Items here: ( ) | †.
Okay, then.
No target in view!
You start resting.
You start resting.
You start resting.
HP restored.
There is a transporter here.
Welcome to arena 5.
You enter the transporter and appear at another place. 5 air elementals come into view.
A vortex of raging winds appears around the air elemental!
Found five items.
Found a transporter.
Unknown command.
The vortex of raging winds lifts you up.
You fly up into the air.
You block the air elemental's attack. The air elemental barely misses you.
Okay, then.
You miss the air elemental. You squeeze the air elemental!!
The air elemental is heavily damaged.
You slice the air elemental!!
You are engulfed in raging winds.
A vortex of raging winds appears around the air elemental!
The air elemental closely misses you. You block the air elemental's attack.
A vortex of raging winds appears around the air elemental!
You block the air elemental's attack. x2; The air elemental hits you! x2
A vortex of raging winds appears around the air elemental!
You are too injured to fight recklessly!
Unknown command.
You feel much better.
You are engulfed in raging winds.
The winds around the air elemental start to calm down.
* * * LOW HITPOINT WARNING * * *
You block the air elemental's attack. The air elemental barely misses you.
The air elemental closely misses you. The air elemental barely misses you.
A vortex of raging winds appears around the air elemental!
You block the air elemental's attack. x2; The air elemental hits you!
You die...
Fedhas appreciates your contribution to the ecosystem.

▓.....▓.)...▓..©..▓
▓..©..▓..©..▓▓▓▓▓▓▓
▓▓▓▓▓▓▓▓▓▓▓▓▓▓▓▓▓▓▓
▓..8©8)..▓..8©8...▓
▓........▓§§§§§§§§▓
▓........▓§§§§§§§§▓
▓..||)...▓§§§§§§§§▓
▓........▓.§§EE§§§▓
▓.▓....▓.▓§§§@EE§§▓
▓...©....▓.§§E§§§§▓
▓▓▓▓▓▓▓▓▓▓▓▓▓▓▓▓▓▓▓


You could see 5 air elementals.

Vanquished Creatures
  3 draconians (D)
  A yaktaur (D)
  2 centaurs (D)
  2 scorpions (D)
  A crimson imp (D)
  A quasit (D)
  An adder zombie (D)
  A bat skeleton (D)
12 creatures vanquished.

Vanquished Creatures (others)
  A yaktaur (D)
1 creature vanquished.

Grand Total: 13 creatures vanquished

Notes
Turn   | Place    | Note
-------+----------+-------------------------------------------
     0 | D        | Zeld the Octopode Fighter began the quest for the Orb.
     0 | D        | Reached XP level 1. HP: 16/16 MP: 1/1
     2 | D        | Found a blossoming altar of Fedhas.
     3 | D        | Found the +6 Majin-Bo {vamp, MP+6 Int+6}
     3 | D        | Found the +9 heavy crossbow "Sniper" {vorpal, Acc+∞ SInv}
     3 | D        | Found the +10 dark maul {vorpal}
     3 | D        | Found the +15 Maxwell's patent armour {-Cast -Tele rElec
                  | Will+ rCorr}
     3 | D        | Found the +18 shield of the Gong {rElec rN+ Will+ EV-5}
     3 | D        | Found the +14 obsidian axe {vorpal, Drain Fly SInv}
     3 | D        | Found the +7 great mace "Firestarter" {inner flame, rF++}
     3 | D        | Found the +6 shillelagh "Devastator" {shatter}
     3 | D        | Found the +11 plutonium sword {Contam Stlth-}
     3 | D        | Found the +8 lance "Wyrmbane" {slay drac, rPois rF+ rC+
                  | AC+3}
     3 | D        | Found the +9 sword of Zonguldrok {reap}
     3 | D        | Found the +13 scythe of Curses {drain, Drain}
     3 | D        | Found the +5 sword of Power {vorpal}
     3 | D        | Found the +7 mace of Variability {chain chaos}
     3 | D        | Found the +7 Singing Sword {vorpal, sonic wave}
     3 | D        | Found the +8 storm bow {elec, penet}
     4 | D        | Found a viscous altar of Jiyva.
     4 | D        | Found a hazy altar of Hepliaklqana.
     4 | D        | Found a transporter.
     4 | D        | Found an opulent altar of Gozag.
     4 | D        | Found an ancient bone altar of Kikubaaqudgha.
     4 | D        | Found a corrupted altar of Lugonu.
    24 | D        | Became a worshipper of Fedhas Madash
    30 | D        | Found a burning altar of Makhleb.
    32 | D        | Found a sacrificial altar of Ru.
    32 | D        | Found a shimmering blue altar of Sif Muna.
    32 | D        | Found a stormy altar of Qazlal.
    32 | D        | Found a bloodstained altar of Trog.
    32 | D        | Found an iron altar of Okawaru.
    32 | D        | Found a sparkling altar of Nemelex Xobeh.
    36 | D        | Reached skill level 4 in Invocations
    36 | D        | Reached XP level 2. HP: 22/22 MP: 1/5
   131 | D        | Entered arena 2.
   131 | D        | Noticed a scorpion
   131 | D        | Noticed a scorpion
   131 | D        | Found a transporter.
   133 | D        | Killed a scorpion
   134 | D        | Reached skill level 5 in Axes
   134 | D        | Reached skill level 5 in Invocations
   134 | D        | Reached XP level 3. HP: 28/28 MP: 7/7
   134 | D        | Reached XP level 4. HP: 34/34 MP: 8/8
   134 | D        | Killed a scorpion
   135 | D        | Reached skill level 5 in Fighting
   135 | D        | Reached skill level 5 in Shields
   135 | D        | Reached skill level 6 in Invocations
   135 | D        | Reached XP level 5. HP: 39/39 MP: 8/10
   257 | D        | Entered arena 3.
   257 | D        | Noticed a draconian
   257 | D        | Noticed a draconian
   257 | D        | Noticed a draconian
   257 | D        | Found a transporter.
   258 | D        | Identified the +5 great sword "Xeedox" {flame, *Corrode
                  | rElec rF++ Stlth+}
   270 | D        | Killed a draconian
   270 | D        | Reached * piety under Fedhas
   271 | D        | Reached skill level 9 in Invocations
   271 | D        | Reached XP level 6. HP: 38/47 MP: 10/13
   271 | D        | Reached XP level 7. HP: 43/53 MP: 10/14
   274 | D        | Killed a draconian
   275 | D        | Reached skill level 10 in Invocations
   275 | D        | Reached XP level 8. HP: 51/61 MP: 10/16
   276 | D        | Killed a draconian
   276 | D        | Reached ** piety under Fedhas
   277 | D        | Reached skill level 10 in Axes
   277 | D        | Reached skill level 11 in Invocations
   407 | D        | Entered arena 4.
   407 | D        | Found a transporter.
   412 | D        | Reached *** piety under Fedhas
   418 | D        | Got Sif Muna's Volume of Translocation
   420 | D        | Got the ring "Baeguez" {rF+ Str+6 Int+5}
   425 | D        | Got the Collected Works on Summoning and Ice
   766 | D        | Entered arena 5.
   766 | D        | Noticed a yaktaur
   766 | D        | Noticed a yaktaur
   766 | D        | Found a transporter.
   772 | D        | Killed a yaktaur
   773 | D        | Reached skill level 12 in Invocations
   774 | D        | Killed a yaktaur
   775 | D        | Reached XP level 9. HP: 37/67 MP: 16/18
   942 | D        | Entered arena 6.
   942 | D        | Found a transporter.
   945 | D        | Slain by an air elemental

Illustrated notes

Levels and vault maps discovered:
D:        sprint_v [room_start, room_1, room_2, room_3, room_4, room_5, room_6,
          room_7, room_8, room_9, room_10, room_11, room_12, room_13, room_14,
          room_15, room_16, room_17, room_18, room_19, room_20, room_21,
          room_22, room_23, room_24, room_25, room_26, room_27]

Skill      XL: |  1  2  3  4  5  6  7  8 |
---------------+-------------------------+-----
Fighting       | 4 5 6 7 8 |  8.8
Axes           | 4 5 6 8 9 11 | 11.5
Shields        | 4 5 6 7 8 |  8.8
Invocations    | 4 5 6 9 10 12 | 12.5
Dodging        | |  3.0
Unarmed Combat | |  2.0

Action                   |  1- 3 |  4- 6 |  7- 9 || total
-------------------------+-------+-------+-------++-------
Melee: Broad axe         |       |     4 |    13 ||    17
       Tentacles         |       |       |     6 ||     6
       Constrict         |       |       |     2 ||     2
Evoke: Wand              |     2 |     5 |       ||     7
       Lightning rod     |       |     3 |     5 ||     8
  Use: Potion            |     1 |       |     3 ||     4
       Scroll            |       |     2 |     1 ||     3
 Stab: Invisible         |       |       |     1 ||     1
Armor: Skin              |       |       |     1 ||     1
Dodge: Dodged            |       |     1 |    13 ||    14
Block: Tower shield      |       |     5 |    34 ||    39

Table legend: (Time is in decaauts)
 A = Elapsed time spent in this place.
 B = Non-inter-level travel time spent in this place.
 C = Inter-level travel time spent in this place.
 D = Time resting spent in this place.
 E = Time spent auto-exploring this place.
 F = Levels seen in this place.
 G = Mean time per level.
                   A        B        C        D        E       F      G
               +--------+--------+--------+--------+--------+-----+--------+
         Total |    961 |    961 |      0 |    797 |      0 |   1 |  961.0 |
       Dungeon |    961 |    961 |      0 |    797 |      0 |   1 |  961.0 |
               +--------+--------+--------+--------+--------+-----+--------+

Top non-repeatable levels by time:
       D: 961 daAuts
